 Dungeon Crawl Stone Soup version 0.30-a0-1016-gfb0d676c02 (webtiles) character file.

Game seed: 9029035869912629417

1695 cheesebisquit the Fighter (level 8, -5/71 (79) HPs)
             Began as a Green Draconian Conjurer on Apr 6, 2023.
             Slain by a wight
             ... wielding a +1 halberd of freezing
              (13 damage)
             ... on level 6 of the Dungeon.
             The game lasted 00:27:00 (10716 turns).

cheesebisquit the Fighter (DrCj)                   Turns: 10716, Time: 00:27:00

HP:   -5/71 (79)    AC: 10    Str:  9    XL:     8   Next: 72%
MP:   0/13          EV: 11    Int: 21    God:
Gold: 190           SH:  4    Dex: 10    Spells: 10/14 levels left

rFire   . . .      SeeInvis .    d - +0 war axe
rCold   . . .      Faith    .    i - +0 buckler
rNeg    . . .      Spirit   .    (body armour unavailable)
rPois   +          Reflect  .    t - +0 hat
rElec   .          Rampage  .    a - +1 cloak
rCorr   .                        z - +1 pair of gloves
Will    .....                    (no boots)
Stlth   ++                       (no amulet)
HPRegen 0.31/turn                A - ring of poison resistance
MPRegen 0.13/turn                s - ring of wizardry

@: very slightly contaminated, heavily drained
A: breathe noxious fumes, AC +6, unfitting armour, poison resistance,
cold-blooded
a: Breathe Noxious Fumes


You were on level 6 of the Dungeon.
You visited 2 branches of the dungeon, and saw 8 of its levels.

You collected 446 gold pieces.
You spent 256 gold pieces at shops.

Inventory:

Hand Weapons
 d - a +0 war axe (weapon)
 B - a +0 hand axe of electrocution
Missiles
 w - 7 poisoned darts
Armour
 a - a +1 cloak (worn)
 i - a +0 buckler (worn)
 t - a +0 hat (worn)
 z - a +1 pair of gloves (worn)
 E - a scarf of invisibility
Magical Staves
 e - a staff of cold
Jewellery
 g - a ring of protection from fire
 s - a ring of wizardry (right hand)
 y - a ring of wizardry
 A - a ring of poison resistance (left hand)
Wands
 j - a wand of light (8)
 C - a wand of flame (63)
 G - a wand of iceblast (6)
Scrolls
 b - a scroll of amnesia {unknown}
 c - a scroll of noise {unknown}
 h - a scroll of teleportation
 k - a scroll of poison
 p - a scroll of immolation {unknown}
 r - a scroll of summoning {unknown}
 v - 2 scrolls of fog {unknown}
 D - a scroll of blinking {unknown}
Potions
 f - a potion of mutation
 l - a potion of lignification
 o - a potion of berserk rage {unknown}
 q - a potion of ambrosia {unknown}
 u - a potion of degeneration {unknown}
 x - a potion of attraction {unknown}
 F - a potion of flight {unknown}


   Skills:
 + Level 10.1 Fighting
 - Level 1.7 Dodging
 - Level 1.7 Stealth
 + Level 3.2 Shields
 + Level 3.7 Spellcasting
 - Level 4.0 Conjurations
 + Level 4.0 Poison Magic


You had 10 spell levels left.
You knew the following spells:

 Your Spells              Type           Power      Damage    Failure   Level
a - Magic Dart            Conj           80%        1d7       1%          1
b - Mephitic Cloud        Conj/Pois/Air  15%        N/A       6%          3

Your spell library contained the following spells:

 Spells                   Type           Power      Damage    Failure   Level
 Searing Ray              Conj           40%        2d5       1%          2
 Dazzling Flash           Conj/Hex       24%        N/A       9%          3
 Call Imp                 Summ           3%         N/A       10%         2
 Fulminant Prism          Conj/Hex       6%         3d7       26%         4
 Iskenderun's Mystic Bla  Conj/Tloc      12%        2d5       26%         4
 Anguish                  Hex/Necr       1%         N/A       52%         4
 Cause Fear               Hex            1%         N/A       52%         4
 Enfeeble                 Hex            1%         N/A       100%        7


Dungeon Overview and Level Annotations

Branches:
Dungeon (7/15)             Temple (1/1) D:4

Altars:
Cheibriados
Dithmenos
Elyvilon
Fedhas
Gozag
Kikubaaqudgha
Makhleb
Nemelex Xobeh
Okawaru
Ru
Trog
Uskayaw
Wu Jian
Xom
Yredelemnul
Zin

Shops:
D:1 :   D:2 [   D:5 *


Innate Abilities, Weirdness & Mutations

You can breathe blasts of noxious fumes.
Your lurid green scales are hard. (AC +6)
You cannot fit into any form of body armour.
Your system is resistant to poisons. (rPois)
You are cold-blooded and may be slowed by cold attacks.


Message History

* * * LOW HITPOINT WARNING * * *
Aiming: Magic Dart (safe; 1% risk of failure)
Press: ? - help, Q - select action, (/) - cycle Shift-Dir - straight line, f/p - wight
Aim: a wight, wielding a +1 halberd of freezing and wearing a +0 robe (lightly damaged, 100% to hit)
The magic dart hits the wight.
The wight is moderately damaged.
The wight barely misses you.
Aiming: Magic Dart (safe; 1% risk of failure)
Press: ? - help, Q - select action, (/) - cycle Shift-Dir - straight line, f/p - wight
Aim: a wight, wielding a +1 halberd of freezing and wearing a +0 robe (moderately damaged, 100% to hit)
You miscast Magic Dart.
You are very lightly contaminated with residual magic.
Nothing appears to happen.
You feel yourself speed up. The wight hits you but does no damage.
The wight closely misses you.
Aiming: Magic Dart (safe; 1% risk of failure)
Press: ? - help, Q - select action, (/) - cycle Shift-Dir - straight line, f/p - wight
Aim: a wight, wielding a +1 halberd of freezing and wearing a +0 robe (lightly damaged, 100% to hit)
The magic dart hits the wight.
The wight is moderately damaged.
The wight closely misses you.
Aiming: Magic Dart (safe; 1% risk of failure)
Press: ? - help, Q - select action, (/) - cycle Shift-Dir - straight line, f/p - wight
Aim: a wight, wielding a +1 halberd of freezing and wearing a +0 robe (moderately damaged, 100% to hit)
The magic dart hits the wight but does no damage.
The wight is moderately damaged.
The wight misses you. You block the wight's attack.
You barely miss the wight.
The wight is moderately damaged.
The wight hits you with a +1 halberd of freezing!
* * * LOW HITPOINT WARNING * * *
The wight freezes you.
* * * LOW HITPOINT WARNING * * *
You slash the wight!
You tail-slap the wight, but do no damage.
The wight is severely damaged.
The wight hits you but does no damage.
The wight hits you with a +1 halberd of freezing!
You die...

#.##.......#########.
#####.##...........# #.
#..>.........)^###.# ##
#.######.......###.## #
##.## #............# #
#.... #.##...####..# #
#....##.#.....# #..#####
##.........###.# #.......
.......<@..#⌠#.###.######
.......#.z.###.....### #
#....###.)............ .
#.... #######.####### #
..... #.# # #..# #.# #.#
#.# #.# #.# #.# #.#


You could see a wight.

Vanquished Creatures
  3 black bears
  2 ogres
  A centaur (D:5)
  2 phantoms
  A bullfrog (D:7)
  A wight (D:6)
  3 howler monkeys
  2 orc priests (D:4)
  2 jellies (D:5)
  A hound (D:6)
  Crazy Yiuf (D:3)
  Jessica (D:2)
  Terence (D:3)
  7 iguanas
  A sleepcap (D:5)
  Natasha (thrice) (D:2)
  2 orc wizards
  Robin (D:4)
  7 adders
  3 shadow imps (D:6)
  A white imp (D:7)
  3 worms
  3 dart slugs
  11 orcs
  5 ball pythons
  7 endoplasms
  2 giant cockroaches (D:3)
  19 goblins
  10 hobgoblins
  16 jackals
  2 quokkas (D:4)
  7 bats
  4 frilled lizards
  7 kobolds
  3 rats
  A bush (D:3)
146 creatures vanquished.

Vanquished Creatures (others)
  An orc wizard (D:5)
  3 fungi (D:3)
4 creatures vanquished.

Grand Total: 150 creatures vanquished

Notes
Turn   | Place    | Note
-------+----------+-------------------------------------------
     0 | D:1      | cheesebisquit the Draconian Conjurer began the quest for
                  | the Orb.
     0 | D:1      | Reached XP level 1. HP: 14/14 MP: 3/3
   127 | D:1      | Found Hurharin's Book Boutique.
   137 | D:1      | Reached skill level 1 in Fighting
   390 | D:1      | Reached XP level 2. HP: 24/24 MP: 3/5
   443 | D:1      | Reached skill level 2 in Fighting
  1540 | D:2      | Reached skill level 3 in Fighting
  1540 | D:2      | Reached XP level 3. HP: 31/31 MP: 3/6
  1644 | D:2      | Noticed a phantom
  1661 | D:2      | Killed a phantom
  1662 | D:2      | Reached skill level 4 in Fighting
  1662 | D:2      | Reached XP level 4. HP: 7/41 MP: 5/7
  1807 | D:2      | Noticed Natasha
  1814 | D:2      | Killed Natasha
  1815 | D:2      | Reached skill level 5 in Fighting
  1878 | D:2      | Found Rerghad's Armour Emporium.
  1879 | D:2      | Noticed Natasha
  1889 | D:2      | Killed Natasha
  1890 | D:2      | Reached XP level 5. HP: 40/48 MP: 0/8
  1929 | D:2      | Noticed Natasha
  1935 | D:2      | Killed Natasha
  2383 | D:2      | Found a faded altar of an unknown god.
  2416 | D:2      | Noticed Jessica
  2419 | D:2      | Killed Jessica
  2420 | D:2      | Reached skill level 6 in Fighting
  3718 | D:3      | Reached XP level 6. HP: 58/58 MP: 1/9
  3815 | D:3      | Noticed Terence
  3832 | D:3      | Killed Terence
  4324 | D:3      | Found a runed translucent door.
  4325 | D:3      | Noticed Crazy Yiuf
  4457 | D:4      | Found a staircase to the Ecumenical Temple.
  4976 | D:4      | Reached skill level 7 in Fighting
  5000 | D:4      | You fall into a shaft and drop 3 floors!
  5379 | D:6      | Noticed a wyvern
  5407 | D:5      | Entered Level 5 of the Dungeon
  5644 | D:5      | Reached skill level 8 in Fighting
  5644 | D:5      | Your scales start taking on a lurid green colour.
  5644 | D:5      | Reached XP level 7. HP: 68/68 MP: 0/10
  5644 | D:5      | Gained mutation: Your system is resistant to poisons.
                  | (rPois) [Green Draconian growth]
  6123 | Temple   | Entered the Ecumenical Temple
  6207 | D:4      | Found a glowing silver altar of Zin.
  6501 | D:4      | Noticed Robin
  6618 | D:4      | Killed Robin
  6791 | D:4      | Reached skill level 9 in Fighting
  7654 | D:1      | Bought a book of Minor Magic for 216 gold pieces
  7658 | D:1      | Learned a level 3 spell: Mephitic Cloud
  7801 | D:3      | Killed Crazy Yiuf
  8148 | D:4      | Reached skill level 1 in Poison Magic
  8156 | D:4      | Reached skill level 1 in Shields
  8156 | D:4      | Reached XP level 8. HP: 26/78 MP: 0/11
  8500 | D:4      | Found a glowing silver altar of Zin.
  9234 | D:5      | Found a sparkling altar of Nemelex Xobeh.
  9771 | D:5      | Found Luagarer's Gadget Gallery.
 10006 | D:2      | Bought a +0 hat for 40 gold pieces
 10367 | D:6      | Reached skill level 10 in Fighting
 10537 | D:6      | Found a snail-covered altar of Cheibriados.
 10716 | D:6      | Slain by a wight

Illustrated notes

Levels and vault maps discovered:
D:1:      lightli_arrival_windingriver, layout_basic, serial_shops,
          shop_fountains, hangedman_glass_teeth
D:2:      layout_loops_corners, serial_shops, nicolae_shop_advertising_works
          [nicolae_subvault_shop_adworks], ebering_ecumenical_altar_abandoned,
          uniq_jessica, uniq_natasha
D:3:      layout_basic, uniq_terence, uniq_crazy_yiuf_cottage
D:4:      layout_loops_cross, mainiacjoe_overflow_cross_hatched,
          minmay_temple_entry_glass, minmay_pentangle, uniq_robin
D:5:      layout_loops_ring, nicolae_overflow_hidden_temple, st_stairs_6,
          nicolae_eternal_life, nicolae_shop_gadgets
D:6:      layout_loops_ring, mainiacjoe_overflow_catch_the_wave,
          chequers_serial_rivers_small_a, minivault_10, nicolae_specific_store,
          feat_on_display
D:7:      layout_basic, fiery_altar_vehumet, tso_altar, serial_corexii_hall,
          chequers_hall_statues_wall_a, chequers_hall_statues_y, minmay_between
Temple:   cyrus_circular_temple

Skill      XL: |  1  2  3  4  5  6  7  8 |
---------------+-------------------------+-----
Fighting       | 1 3 4 5 6 8 9 10 | 10.1
Poison Magic   | 1 4 |  4.0
Shields        | 1 3 |  3.2
Spellcasting   | 3 |  3.7
Dodging        | |  1.7
Stealth        | |  1.7
Conjurations   | |  4.0

Action                     |  1- 3 |  4- 6 |  7- 9 || total
---------------------------+-------+-------+-------++-------
  Melee: War axe           |    27 |   119 |    94 ||   240
         Tailslap          |     1 |    33 |    18 ||    52
         Punch             |     1 |     2 |     1 ||     4
   Cast: Magic Dart        |    51 |   183 |   268 ||   502
         Mephitic Cloud    |       |       |     1 ||     1
    Use: Potion            |     1 |     2 |     9 ||    12
         Scroll            |       |     8 |     5 ||    13
 Armour: Skin              |    12 |    31 |   110 ||   153
  Dodge: Dodged            |    39 |    86 |   176 ||   301
  Block: Buckler           |       |       |    25 ||    25

Table legend: (Time is in decaauts)
 A = Elapsed time spent in this place.
 B = Non-inter-level travel time spent in this place.
 C = Inter-level travel time spent in this place.
 D = Time resting spent in this place.
 E = Time spent auto-exploring this place.
 F = Levels seen in this place.
 G = Mean time per level.
                   A        B        C        D        E       F      G
               +--------+--------+--------+--------+--------+-----+--------+
         Total |  10815 |   9976 |    839 |   1005 |   7498 |   8 | 1351.9 |
       Dungeon |  10743 |   9932 |    811 |   1005 |   7464 |   7 | 1534.7 |
        Temple |     71 |     43 |     28 |      0 |     34 |   1 |   71.0 |
               +--------+--------+--------+--------+--------+-----+--------+

Top non-repeatable levels by time:
     D:4: 2751 daAuts
     D:3: 2046 daAuts
     D:2: 1808 daAuts
     D:5: 1668 daAuts
     D:1: 1378 daAuts
     D:6: 691 daAuts
     D:7: 398 daAuts
  Temple: 71 daAuts
